 Dungeon Crawl Stone Soup version 0.23.2-1-ga50397a6bc (webtiles) character file.

Game seed: 1433347306920860783

72 Mrkan the Twirler (level 4, 0/33 HPs)
             Began as a Human Wanderer on May 23, 2019.
             Slain by an adder (3 damage)
             ... on level 2 of the Dungeon.
             The game lasted 00:03:38 (1488 turns).

Mrkan the Twirler (Human Wanderer)                  Turns: 1488, Time: 00:03:39

Health: 0/33       AC:  2    Str: 11    XL:     4   Next: 50%
Magic:  4/7        EV: 11    Int: 17    God:
Gold:   62         SH:  0    Dex: 10    Spells: 6/7 levels left

rFire    . . .     SeeInvis .   a - +2 quarterstaff
rCold    . . .     Gourm    .   (shield currently unavailable)
rNeg     . . .     Faith    .   d - +0 robe
rPois    .         Spirit   .   (no helmet)
rElec    .         Reflect  .   (no cloak)
rCorr    .         Harm     .   (no gloves)
MR       .....                  (no boots)
Stlth    ++........             (no amulet)
HPRegen  0.11/turn              (no ring)
MPRegen  0.10/turn              (no ring)

@: lethally poisoned (0 -> -6)
A: no striking features
a: no special abilities


You were on level 2 of the Dungeon.
You were not hungry.

You visited 1 branch of the dungeon, and saw 2 of its levels.

You collected 62 gold pieces.

Inventory:

Hand Weapons
 a - a +2 quarterstaff (weapon)
 e - a +0 dagger
Armour
 d - a +0 robe (worn)
 l - a +0 pair of gloves
Jewellery
 i - a +5 amulet of reflection {unknown}
Scrolls
 c - 3 scrolls of teleportation
 k - a scroll of remove curse {unknown}
 n - a scroll of identify {unknown}
Potions
 b - a potion of berserk rage {unknown}
 g - a potion of curing {unknown}
 j - a potion of heal wounds {unknown}
 m - a potion of ambrosia {unknown}
Comestibles
 f - 2 rations
 h - 4 chunks of flesh


   Skills:
 - Level 2.0 Fighting
 * Level 3.2 Staves
 - Level 1.0 Dodging
 - Level 3.0 Stealth
 + Level 2.1 Spellcasting
   Level 1.0 Summonings
   Level 1.0 Fire Magic


You had 6 spell levels left.
You knew the following spells:

 Your Spells              Type           Power        Failure   Level  Hunger
a - Freeze                Ice            #...         19%         1    #......

Your spell library contained the following spells:

 Spells                   Type           Power        Failure   Level  Hunger
 Ozocubu's Armour         Chrm/Ice       #.......     50%         3    ###....


Dungeon Overview and Level Annotations

Branches:
Dungeon (2/15)

Altars:


Message History

You feel sick. The adder completely misses you.
The giant cockroach barely misses you. The adder bites you.
* * * LOW HITPOINT WARNING * * *
Casting: Freeze (safe; 19% risk of failure)
Confirm with . or Enter, or press ? or * to list all spells.
Aiming: Freeze (safe; 19% risk of failure)
Press: ? - help, Shift-Dir - straight line, f/p - adder
Aim: an adder (almost dead, slow)
You freeze the adder.
You kill the adder!
* * * LOW HITPOINT WARNING * * *
You feel sick. The adder bites you.
* * * LOW HITPOINT WARNING * * *
The giant cockroach bites you but does no damage.
The adder closely misses you.
* * * LOW HITPOINT WARNING * * *
You feel sick.
* * * LOW HITPOINT WARNING * * *
You feel sick. The adder bites you.
You die...

#############
###########............
#....s@.....###'''####
#....S.....##♣.....♣#
/..##.........##.........#
.......).....##...........#
######......##......♣......
#.##..##.....♣♣♣♣♣....
#....##.....♣♣ ♣...
#...##♣....♣♣ ♣.. #...
#....♣♣


You could see an adder and a giant cockroach.

Vanquished Creatures
  3 adders (D:2)
  3 dart slugs
  5 bats
  A giant cockroach (D:2)
  4 goblins (D:1)
  8 hobgoblins
  4 jackals (D:2)
  A quokka (D:2)
  2 kobolds (D:1)
  6 rats
37 creatures vanquished.

Notes
Turn   | Place    | Note
-------+----------+-------------------------------------------
     0 | D:1      | Mrkan the Human Wanderer began the quest for the Orb.
     0 | D:1      | Mrkan set off with the following items: a +2 quarterstaff,
                  | a scroll of teleportation, a +0 robe, a +0 dagger, a
                  | ration; and the following spell memorised: Freeze; and the
                  | following spells available to memorise: Ozocubu's Armour
     0 | D:1      | Reached XP level 1. HP: 16/16 MP: 2/2
   378 | D:1      | Reached XP level 2. HP: 8/22 MP: 3/3
   677 | D:1      | Reached XP level 3. HP: 22/27 MP: 5/5
  1087 | D:2      | Reached XP level 4. HP: 8/33 MP: 2/6
  1488 | D:2      | Slain by an adder

Skill      XL: |  1  2  3  4 |
---------------+-------------+-----
Staves         | 2 3 |  3.2
Spellcasting   | 2 |  2.1
Fighting       | |  2.0
Dodging        | |  1.0
Stealth        | |  3.0
Summonings     | |  1.0
Fire Magic     | |  1.0

Action                   |  1- 3 |  4- 6 || total
-------------------------+-------+-------++-------
Melee: Quarterstaff      |    65 |    31 ||    96
 Cast: Freeze            |     4 |     4 ||     8
 Stab: Sleeping          |     5 |       ||     5
  Eat: Chunk             |     1 |     1 ||     2
Armor: Robe              |    13 |    16 ||    29
Dodge: Dodged            |    39 |    41 ||    80
